 Dungeon Crawl Stone Soup version 0.28.0-43-g3370ac3207 (webtiles) character file.

Game seed: 7536275346480791630

105 xzight the Digger (level 4, -1/41 HPs)
             Began as a Troll Earth Elementalist on Mar 18, 2022.
             Slain by a sky beast (5 damage)
             ... on level 3 of the Dungeon.
             The game lasted 00:07:41 (1754 turns).

xzight the Digger (Troll Earth Elementalist)        Turns: 1754, Time: 00:07:42

Health: -1/41      AC:  4    Str: 18    XL:     4   Next: 54%
Magic:  4/5        EV:  9    Int: 11    God:
Gold:   155        SH:  0    Dex: 10    Spells: 5/6 levels left

rFire   . . .      SeeInvis .     - Unarmed
rCold   . . .      Faith    .   (no shield)
rNeg    . . .      Spirit   .   b - +0 robe
rPois   .          Reflect  .   (helmet restricted)
rElec   .          Harm     .   (no cloak)
rCorr   .          Rampage  .   (gloves unavailable)
Will    .....                   (boots unavailable)
Stlth   +.........              (no amulet)
HPRegen 0.93/turn               (no ring)
MPRegen 0.09/turn               (no ring)

@: no status effects
A: large, unfitting armour, claws 3, regeneration 1, shaggy fur 1, tough skin 1
a: no special abilities


You were on level 3 of the Dungeon.
You visited 1 branch of the dungeon, and saw 3 of its levels.

You collected 155 gold pieces.


Innate Abilities, Weirdness & Mutations

You are too large for most types of armour.
You have claws for hands.
Your natural rate of healing is unusually fast.
You are covered in fur. (AC +1)
You have tough skin. (AC +1)


   Skills:
 + Level 1.4 Fighting
 - Level 1.5 Dodging
 - Level 1.0 Stealth
 * Level 2.9 Unarmed Combat
 + Level 1.5 Spellcasting
 - Level 0.6 Transmutations
 + Level 3.1 Earth Magic


You had 5 spell levels left.
You knew the following spells:

 Your Spells              Type           Power      Damage    Failure   Level
a - Sandblast             Erth           14%        2d6       9%          1

Your spell library contained the following spells:

 Spells                   Type           Power      Damage    Failure   Level
 Passwall                 Tmut/Erth      3%         N/A       22%         2
 Stone Arrow              Conj/Erth      8%         3d7       43%         3
 Gell's Gravitas          Tloc           0%         N/A       67%         3
 Teleport Other           Tloc           0%         N/A       67%         3
 Petrify                  Tmut/Erth      4%         N/A       80%         4
 Dispersal                Tloc           0%         N/A       100%        6

Inventory:

Missiles
 c - 82 stones
Armour
 b - a +0 robe (worn)
Scrolls
 a - 3 scrolls of identify {unknown}
 d - 2 scrolls of immolation {unknown}
 f - a scroll of holy word {unknown}
 h - 3 scrolls of fear {unknown}
 i - a scroll of vulnerability {unknown}
Potions
 e - a potion of cancellation {unknown}
 g - a potion of heal wounds {unknown}
 j - a potion of curing {unknown}
 k - a potion of mutation {unknown}

Dungeon Overview and Level Annotations

Branches:
Dungeon (3/15)

Altars:
Trog

Shops:
D:2

(
#...........#####..##..#.......
#...................##...######
##...†.....#...........###
##...#...##.##.#####..# ####
##########..#.# #..#####...
##.#.# #.†....#... #...#
##.###..... ##..# #.#..<#...
#@.# #......### #{## #.........
... #..†....[. # ..#.##
#....><... #..##..# ##.......#
#......######.....#.# ###
#..............#
#.#####........# #.# #.........


There were no monsters in sight!


Message History

The sky beast hits you but does no damage.
You claw the sky beast!
The sky beast is moderately wounded.
The sky beast hits you but does no damage.
You barely miss the sky beast.
The sky beast is moderately wounded.
The sky beast hits you. The sky beast shocks you.
You scratch the sky beast.
The sky beast is heavily wounded.
The sky beast flickers out of sight!
Deactivating autopickup; reactivate with Ctrl-A.
Something hits you but does no damage.
You scratch something. Something hits you. Something shocks you.
You claw something! Something completely misses you.
You barely miss something. Something hits you but does no damage.
You barely miss something. Something hits you. Something shocks you.
* * * LOW HITPOINT WARNING * * *
You closely miss something. Something hits you but does no damage.
You barely miss something. Something hits you.
* * * LOW HITPOINT WARNING * * *
Something shocks you.
* * * LOW HITPOINT WARNING * * *
You miss something. Something hits you.
* * * LOW HITPOINT WARNING * * *
Something shocks you.
* * * LOW HITPOINT WARNING * * *
You miss something. Something hits you.
* * * LOW HITPOINT WARNING * * *
Something shocks you.
You die...

Skill      XL: |  1  2  3 |
---------------+----------+-----
Unarmed Combat | 1 2 |  2.9
Fighting       | 1 |  1.4
Earth Magic    | 3 |  3.1
Dodging        | |  1.5
Stealth        | |  1.0
Spellcasting   | |  1.5
Transmutations | |  0.6

Action                   |  1- 3 |  4- 6 || total
-------------------------+-------+-------++-------
Melee: Unarmed           |   125 |    43 ||   168
       Punch             |     2 |       ||     2
 Cast: Sandblast         |    10 |     2 ||    12
 Stab: Sleeping          |     4 |       ||     4
Armor: Robe              |    41 |    23 ||    64
Dodge: Dodged            |    55 |    27 ||    82

Levels and vault maps discovered:
D:1:      psy_arrival_fountain, layout_rooms, hangedman_decor_points,
          nrook_loot_triangle, roderic_cross_of_infinity, minmay_pentomino_w2
D:2:      layout_basic, serial_shops, nicolae_lakefront_shop, basic_altar,
          minmay_rat_gold_closets
D:3:      layout_rooms

Notes
Turn   | Place    | Note
-------+----------+-------------------------------------------
     0 | D:1      | xzight the Troll Earth Elementalist began the quest for the
                  | Orb.
     0 | D:1      | Reached XP level 1. HP: 16/16 MP: 1/1
   120 | D:1      | Reached skill level 1 in Unarmed Combat
   250 | D:1      | Reached XP level 2. HP: 22/26 MP: 2/2
   626 | D:2      | Reached skill level 2 in Unarmed Combat
   670 | D:2      | Found a bloodstained altar of Trog.
   693 | D:2      | Reached skill level 1 in Fighting
   766 | D:2      | Reached XP level 3. HP: 33/33 MP: 1/3
  1116 | D:2      | Found Tyokiph's Weapon Shop.
  1435 | D:2      | Reached skill level 3 in Earth Magic
  1455 | D:3      | Reached XP level 4. HP: 28/41 MP: 5/5
  1600 | D:3      | Noticed a sky beast
  1754 | D:3      | HP: 4/41 [something (4)]
  1754 | D:3      | Slain by a sky beast

Vanquished Creatures
  5 adders
  2 dart slugs
  5 orcs
  5 bats
  3 endoplasms
  2 giant cockroaches
  2 goblins
  6 hobgoblins
  2 jackals (D:2)
  3 quokkas
  2 ball pythons
  2 frilled lizards (D:2)
  2 kobolds
  14 rats
55 creatures vanquished.

Table legend: (Time is in decaauts)
 A = Elapsed time spent in this place.
 B = Non-inter-level travel time spent in this place.
 C = Inter-level travel time spent in this place.
 D = Time resting spent in this place.
 E = Time spent auto-exploring this place.
 F = Levels seen in this place.
 G = Mean time per level.
                   A        B        C        D        E       F      G
               +--------+--------+--------+--------+--------+-----+--------+
         Total |   1749 |   1724 |     25 |    133 |   1119 |   3 |  583.0 |
       Dungeon |   1749 |   1724 |     25 |    133 |   1119 |   3 |  583.0 |
               +--------+--------+--------+--------+--------+-----+--------+

Top non-repeatable levels by time:
     D:2: 865 daAuts
     D:1: 566 daAuts
     D:3: 317 daAuts

Table legend:
 A = Non-vault XP
 B = Vault XP
 C = Vault XP percentage of total XP
 D = Non-vault monster count
 E = Vault monster count
 F = Vault count percentage of total count
                 A         B        C        D         E       F
            +---------+---------+-------+---------+---------+-------
      Total |     137 |      14 |   9.3 |      45 |      10 |  18.2
            +---------+---------+-------+---------+---------+-------
        D:1 |      23 |       6 |  20.7 |      14 |       2 |  12.5
        D:2 |      44 |       8 |  15.4 |      18 |       8 |  30.8
        D:3 |      70 |       0 |   0.0 |      13 |       0 |   0.0
            +---------+---------+-------+---------+---------+-------
